AoeStats
← AIDOS

Arena

510282179Analyzed
2v2 RM · 1d ago on Sep 30, 2026· 24m 55s· 4 players
Game mode
Random Map
Map size
Medium (4 player)
Population
200
Speed
Normal
Resources
Standard
Victory
Conquest
Starting age
Dark Age
Ending age
Imperial Age
RankedLock teamsTeams togetherTeam positionsShared explorationLock speedFull tech treeHidden civsTurbo modeCheats
Victory
Defeat
🇮🇳 Vikings · India
722
+13
🇮🇳 Japanese · India
712
+13
🇦🇺 Bulgarians · Australia
686
-31
🇹🇷 Bohemians · Türkiye
621
-12
AIDOS
12:09 Feudal Age
12:45 Horse Collar
12:52 Double-Bit Axe
12:59 Gold Mining
13:02 Stone Mining
13:54 Wheelbarrow
25:13 Castle Age
23:00 Town Watch
emrecankurttt54
0:56 Loom
13:29 Feudal Age
14:24 Double-Bit Axe
22:38 Castle Age
21:11 Horse Collar
22:20 Man-at-Arms
22:46 Arson
23:21 Forging
23:12 Scale Mail Armor
bmo
12:06 Feudal Age
12:36 Double-Bit Axe
13:23 Horse Collar
19:33 Castle Age
21:01 Bow Saw
Avicii Enjoyer
11:53 Feudal Age
10:08 Loom
12:49 Double-Bit Axe
12:49 Horse Collar
16:19 Gold Mining
19:28 Castle Age
18:09 Scale Mail Armor
18:29 Forging
23:19 Gold Shaft Mining
Connection lost

Rejoining the realm…

Still unreachable

The connection could not be restored.

Session expired

The server has moved on; the page needs a fresh start.